 Dungeon Crawl Stone Soup version 0.20.0-8-g6b59dc7 (webtiles) character file.

68 straycat the Sneak (level 4, -3/30 HPs)
             Began as a Vampire Wanderer on May 30, 2017.
             Slain by a wight
             ... wielding a +4 great sword
              (12 damage)
             ... on level 3 of the Dungeon.
             The game lasted 00:18:46 (2382 turns).

straycat the Sneak (Vampire Wanderer)               Turns: 2382, Time: 00:18:46

Health: -3/30      AC:  7    Str:  9 (10) XL:     4   Next: 1%
Magic:  5/5        EV: 12    Int: 14      God:
Gold:   109        SH:  0    Dex: 17 (19) Spells: 4/5 levels left

rFire    . . .     SeeInvis +   h - +1 hunting sling (freeze)
rCold    + . .     Gourm    .   (no shield)
rNeg     + + .     Faith    +   a - +2 leather armour
rPois    +         Spirit   .   (no helmet)
rElec    .         Reflect  .   f - +1 cloak
rCorr    .         Harm     .   (no gloves)
MR       .....                  (no boots)
Stlth    +++++.....             k - amulet of faith
Regen    0.1/turn               (no ring)
MPRegen  0.1/turn               (no ring)

@: regenerating slowly
A: fangs 3, thin skeletal structure 1, see invisible, agile 1, deterioration 1,
frail 1, unbreathing, evolution 1, MP-powered wands
a: Bat Form


You were on level 3 of the Dungeon.
You were thirsty.

You visited 1 branch of the dungeon, and saw 3 of its levels.

You collected 109 gold pieces.

Inventory:

Hand Weapons
 c - a +1 spear
 d - a +0 dagger
 h - a +1 hunting sling of freezing (weapon)
Missiles
 g - 43 stones (quivered)
 i - 63 arrows
 j - 31 bolts
 o - 17 sling bullets
 r - 8 needles of frenzy
Armour
 a - a +2 leather armour (worn)
 f - a +1 cloak (worn)
 s - a +0 scale mail
Jewellery
 k - an amulet of faith (around neck)
Scrolls
 m - 2 scrolls of identify
 t - a scroll of teleportation
Potions
 e - 14 potions of blood
 l - a potion of brilliance
 n - 2 potions of might {unknown}
 q - a potion of agility {unknown}
 u - a potion of curing
Books
 b - the Incunabulum of Confrontation

   Spells                             Type                      Level
   a - Shock                          Conjuration/Air              1
   b - Conjure Flame                  Conjuration/Fire             3


   Skills:
 + Level 2.6 Fighting
 * Level 2.5 Dodging
 * Level 6.8 Stealth
 - Level 1.0 Spellcasting
   Level 1.5 Hexes
   Level 1.1 Necromancy


You had 4 spell levels left.
You knew the following spells:

 Your Spells              Type           Power        Failure   Level  Hunger
a - Shock                 Conj/Air       #...         36%         1    ##.....


Dungeon Overview and Level Annotations

Branches:
Dungeon (3/15)

Altars:

Annotations:
D:2 1 runed door


Innate Abilities, Weirdness & Mutations

You heal slowly.
You have razor-sharp teeth.
You have supernaturally acute eyesight. (SInv)
You can survive without breathing.
You have a somewhat thin skeletal structure. (Dex +2, Stealth)
You are agile. (Dex +2)
Your body sometimes deteriorates upon taking damage.
You are frail. (-10% HP)
You evolve.
You expend magic power (3 MP) to strengthen your wands.


Message History

Press: ? - help, Shift-Dir - straight line, f/p - wight
Aim: a wight, wielding an enchanted great sword and wearing a robe (severely damaged)
You shoot a stone. The stone barely misses the wight.
The wight hits you with an enchanted great sword.
Firing (i - inventory. (,) - cycle):
g - 45 stones (quivered)
Press: ? - help, Shift-Dir - straight line, f/p - wight
Aim: a wight, wielding an enchanted great sword and wearing a robe (severely damaged)
You shoot a stone.
The stone hits the wight but does no damage.
The wight is severely damaged.
The wight hits you with an enchanted great sword!
Ouch! That really hurt!
* * * LOW HITPOINT WARNING * * *
Your body deteriorates!
You feel clumsy.
Firing (i - inventory. (,) - cycle):
g - 44 stones (quivered)
Press: ? - help, Shift-Dir - straight line, f/p - wight
Aim: a wight, wielding an enchanted great sword and wearing a robe (severely damaged)
You shoot a stone. The stone completely misses the wight.
The wight hits you with an enchanted great sword!
You die...

... .(. #(. #(. ... . ##..
###.####.#. .(( .......#...
#.### .>.......# #.z.###
.....<...#.# ###@..###.##.
........##.# ##.........
.......##..## #.#.###...
.......##...#####.#..## ..
#....#....#.##....##..##....
#.#.......#.......###..#...<.
#.#.#.....###.....##.........
#.#.#.....# ##...)#..........
..#.##....#######...........


You could see a wight.

Vanquished Creatures
  2 adders (D:2)
  4 worms (D:2)
  2 leopard geckos (D:2)
  2 giant cockroaches (D:2)
  7 goblins
  3 hobgoblins
  3 jackals (D:1)
  2 bats
  5 frilled lizards
  2 kobolds
  6 rats
38 creatures vanquished.

Notes
Turn   | Place    | Note
-------+----------+-------------------------------------------
     0 | D:1      | straycat the Vampire Wanderer began the quest for the Orb.
     0 | D:1      | straycat set off with: a +2 leather armour, the Incunabulum of Confrontation, a +0 spear, a +0 dagger, a potion of blood
     0 | D:1      | Reached XP level 1. HP: 16/16 MP: 2/2
     0 | D:1      | Identified the Incunabulum of Confrontation
     3 | D:1      | Learned a level 1 spell: Shock
   174 | D:1      | Reached skill level 6 in Stealth
   274 | D:1      | Reached XP level 2. HP: 22/22 MP: 3/3
   624 | D:2      | HP: 1/22 [poisoned by an adder]
   632 | D:2      | HP: 1/22 [poisoned by an adder]
   637 | D:2      | Gained mutation: You expend magic power (3 MP) to strengthen your wands. [potion of mutation]
   637 | D:2      | Gained mutation: You are agile. (Dex +2) [potion of mutation]
   637 | D:2      | Gained mutation: You evolve. [potion of mutation]
   637 | D:2      | Gained mutation: You have a somewhat thin skeletal structure. (Dex +2, Stealth) [potion of mutation]
   805 | D:2      | Gained mutation: Your body sometimes deteriorates upon taking damage. [evolution]
   810 | D:2      | Reached XP level 3. HP: 27/27 MP: 4/4
  1815 | D:2      | Found a runed door.
  2197 | D:3      | Gained mutation: You are frail. (-10% HP) [evolution]
  2351 | D:3      | Reached XP level 4. HP: 30/30 MP: 5/5
  2382 | D:3      | Slain by a wight

Skill      XL: |  1  2  3 |
---------------+----------+-----
Stealth        | 6 |  6.8
Fighting       | 2 |  2.6
Dodging        | 2 |  2.5
Spellcasting   | |  1.0
Hexes          | |  1.5
Necromancy     | |  1.1

Action                   |  1- 3 |  4- 6 || total
-------------------------+-------+-------++-------
Melee: Spear             |   145 |       ||   145
       Bite              |    15 |       ||    15
 Fire: Hunting sling     |     4 |     9 ||    13
Throw: Stone             |     3 |       ||     3
 Cast: Shock             |    11 |       ||    11
  Use: Scroll            |     7 |       ||     7
       Potion            |     6 |       ||     6
 Stab: Sleeping          |     6 |       ||     6
       Distracted        |     1 |       ||     1
  Eat: Corpse            |     1 |       ||     1
Armor: Leather armour    |    33 |       ||    33
Dodge: Dodged            |    75 |     2 ||    77
